Map: Infestation

Players

Kasparus

  • Race: Protoss Protoss
  • Spawn Location: 9:00

exmos

  • Race: Terran Terran
  • League: Bronze
  • Spawn Location: 9:00

zod - Winner!

  • Race: Protoss Protoss
  • League: Silver
  • Spawn Location: 3:00

MasteroP - Winner!

  • Race: Zerg Zerg
  • League: Silver
  • Spawn Location: 3:00

VOD

Have the link to the VOD?

Description

Time

  • Played on: Jan. 15, 2016, 4:12 p.m.
  • Length: 10:42
Show
View Real Time Build Order
Export as new Build Order

Kasparus Protoss 

Build Orders: 1 Gate Expand, Blink Stalkers 

Get SALT Encoding   

  12  0:00  Probe (Chrono Boost)  
  13  0:11  Probe (Chrono Boost)  
  14  0:18  Pylon  
  14  0:23  Probe (Chrono Boost)  
  15  0:37  Probe (Chrono Boost)  
  15  0:41  Gateway  
  16  0:47  Probe (Chrono Boost)  
  17  0:51  Assimilator  
  17  1:01  Probe (Chrono Boost)  
  18  1:11  Probe (Chrono Boost)  
  19  1:27  Nexus  
  19  1:35  Pylon  
  19  1:39  Probe (Chrono Boost)  
  20  1:46  Zealot (Chrono Boost)  
  22  1:50  Probe (Chrono Boost)  
  23  2:05  Cybernetics Core, Probe (Chrono Boost)  
  24  2:18  Pylon  
  24  2:19  Probe (Chrono Boost)  
  25  2:31  Probe (Chrono Boost)  
  26  2:37  Pylon  
  26  2:39  Probe (Chrono Boost)  
  26  2:40  Probe (Chrono Boost)  
  26  2:41  Warp Gate (Chrono Boost)  
  28  2:48  Adept (Chrono Boost)  
  30  2:52  Probe (Chrono Boost)  
  30  2:55  Twilight Council  
  31  3:01  Probe (Chrono Boost)  
  31  3:02  Assimilator  
  31  3:05  Probe (Chrono Boost)  
  33  3:12  Probe (Chrono Boost)  
  34  3:13  Stalker  
  34  3:19  Probe (Chrono Boost)  
  37  3:32  Blink (Chrono Boost)  
  37  3:41  Gateway  
  37  3:44  Gateway  
  37  3:47  Gateway  
  37  3:51  Gateway  
  37  3:57  Probe  
  37  3:58  Probe  
  39  4:06  Robotics Facility  
  39  4:07  Probe  
  40  4:10  Probe  
  41  4:48  Stalker x2  
  41  4:49  Stalker x2  
  49  4:55  Probe  
  49  4:57  Probe  
  51  5:03  Nexus  
  51  5:06  Pylon  
  51  5:08  Pylon  
  51  5:26  Probe, Forge  
  51  5:27  Probe  
  53  5:30  Forge  
  53  5:35  Assimilator  
  53  5:36  Probe  
  53  5:38  Stalker  
  53  5:39  Stalker x2, Probe, Assimilator  
  61  5:47  Probe  
  62  5:51  Probe  
  63  5:57  Probe  
  63  6:03  Probe  
  65  6:05  Stalker x2  
  65  6:06  Stalker x2  
  65  6:07  Stalker  
  71  6:28  Probe  
  71  6:29  Probe x2  
  74  6:34  Protoss Ground Weapons Level 1 (Chrono Boost), Protoss Ground Armor Level 1 (Chrono Boost)  
  74  6:39  Probe, Pylon  
  74  6:41  Probe, Pylon  
  74  6:42  Probe  
  77  6:51  Stalker x3  
  83  7:00  Probe  
  84  7:01  Probe x2  
  80  7:10  Probe  
  80  7:13  Probe x2  
  80  7:14  Stalker x2  
  80  7:15  Stalker  
  86  7:37  Probe  
  86  7:38  Probe x2  
  88  7:44  Stalker  
  88  7:45  Stalker x4  
  85  8:11  Stalker x2  
  85  8:12  Stalker x2  
  91  8:19  Protoss Ground Weapons Level 2 (Chrono Boost)  
  87  8:31  Protoss Ground Armor Level 2 (Chrono Boost)  
  87  8:33  Gateway  
  87  8:40  Stalker  
  89  8:42  Probe  
  89  8:43  Probe x2  
  92  8:52  Probe  
  93  8:55  Probe  
  80  9:14  Stalker  
  80  9:15  Stalker x2  
  85  9:21  Stalker  
  85  9:37  Gateway  
  83  10:06  Stalker x3  
  79  10:07  Stalker x3  
Show
View Real Time Build Order
Export as new Build Order

exmos Terran 

Build Orders:  

Get SALT Encoding   

  12  0:01  SCV  
  13  0:13  SCV  
  14  0:23  Supply Depot  
  14  0:25  SCV  
  15  0:30  Refinery  
  15  0:45  SCV  
  15  0:49  Barracks  
  16  0:57  SCV  
  17  1:09  SCV  
  18  1:15  Refinery  
  18  1:21  SCV  
  19  1:41  Command Center  
  19  1:42  SCV  
  19  1:46  Barracks Reactor  
  20  1:55  Supply Depot  
  20  1:56  SCV  
  21  2:08  SCV  
  22  2:16  Barracks  
  22  2:25  SCV  
  22  2:28  Marine  
  24  2:32  Marine  
  25  2:37  SCV  
  26  2:49  SCV  
  27  3:00  SCV  
  27  3:01  SCV  
  29  3:08  Barracks Tech Lab  
  29  3:11  Factory  
  29  3:12  SCV  
  30  3:13  SCV  
  31  3:24  SCV  
  31  3:26  SCV, Refinery  
  33  3:36  SCV  
  33  3:38  Orbital Command  
  33  3:40  Marauder  
  36  3:41  Marine  
  36  3:42  Marine  
  38  3:49  SCV  
  39  3:59  Marine  
  39  4:01  SCV, Factory Tech Lab  
  39  4:02  Marauder  
  43  4:03  Starport  
  43  4:05  Marine  
  44  4:13  SCV  
  44  4:14  Supply Depot  
  45  4:17  Marine  
  46  4:25  SCV  
  46  4:28  Command Center  
  43  4:37  SCV  
  42  4:48  Siege Tank  
  42  4:49  SCV, Medivac  
  48  5:09  Engineering Bay, Marauder  
  48  5:10  Marine x2  
  52  5:19  Medivac  
  52  5:20  SCV, Barracks  
  55  5:26  SCV  
  56  5:30  Marauder  
  56  5:32  SCV  
  59  5:38  SCV  
  59  5:41  Terran Infantry Weapons Level 1  
  60  5:44  SCV  
  60  5:46  Missile Turret  
  60  5:49  Medivac  
  63  5:50  SCV, Marine x2  
  63  5:51  Marauder  
  63  5:56  SCV  
  70  5:57  SCV  
  65  6:07  Marine  
  65  6:08  Marine  
  65  6:09  SCV  
  68  6:20  Missile Turret  
  68  6:21  SCV  
  69  6:26  Missile Turret  
  69  6:30  Barracks Reactor  
  69  6:33  SCV, Barracks  
  69  6:36  SCV  
  71  6:45  SCV  
  71  6:48  SCV, Marine x2  
  74  6:57  SCV, Missile Turret  
  74  7:00  SCV  
  74  7:01  SCV  
  77  7:13  Marine x2  
  77  7:14  SCV x2  
  81  7:19  Supply Depot  
  79  7:26  SCV  
  80  7:31  Marine x2  
  80  7:36  Marine, Marauder  
  84  7:40  Marine  
  86  7:46  Supply Depot, Orbital Command  
  86  7:49  Marine x2, Orbital Command  
  88  7:54  Marine  
  88  7:55  Refinery  
  88  7:57  Siege Tank  
  88  7:58  Marine  
  93  8:07  Marauder, Marine x2  
  93  8:08  Factory  
  93  8:12  Supply Depot, Marine  
  98  8:16  Marine  
  99  8:25  Marine x2  
  101  8:29  Barracks  
  101  8:33  Marine x2  
  105  8:34  Marauder  
  96  8:43  Marine  
  84  8:55  Marauder  
  74  9:22  Viking  
  76  9:25  Barracks Reactor  
  76  9:30  Barracks Tech Lab  
  72  9:31  Marine x2  
  43  9:49  Marine x2  
  41  9:52  Viking  
Show
View Real Time Build Order
Export as new Build Order

zod Protoss - Winner!

Build Orders: Oracle Opening 

Get SALT Encoding   

  12  0:01  Probe (Chrono Boost)  
  13  0:15  Probe (Chrono Boost)  
  14  0:26  Probe (Chrono Boost)  
  14  0:27  Pylon  
  15  0:45  Probe (Chrono Boost)  
  15  0:47  Gateway  
  16  0:52  Assimilator  
  16  0:56  Probe (Chrono Boost)  
  17  1:06  Probe (Chrono Boost)  
  17  1:07  Gateway  
  18  1:14  Pylon  
  18  1:17  Probe (Chrono Boost)  
  19  1:27  Probe (Chrono Boost)  
  20  1:38  Cybernetics Core, Probe (Chrono Boost)  
  21  1:49  Probe (Chrono Boost)  
  22  1:57  Assimilator  
  22  2:08  Nexus  
  22  2:10  Probe (Chrono Boost)  
  22  2:14  Warp Gate  
  23  2:21  Mothership Core (Chrono Boost)  
  25  2:29  Pylon  
  25  2:39  Probe (Chrono Boost)  
  26  2:55  Stargate  
  26  3:05  Forge  
  26  3:07  Probe (Chrono Boost)  
  27  3:25  Probe (Chrono Boost), Assimilator  
  28  3:29  Probe (Chrono Boost), Assimilator  
  28  3:31  Pylon  
  28  3:33  Pylon  
  29  3:37  Pylon  
  29  3:38  Oracle (Chrono Boost)  
  32  3:45  Protoss Ground Weapons Level 1  
  32  3:47  Probe  
  33  3:49  Probe  
  34  3:59  Probe x2  
  36  4:08  Protoss Air Weapons Level 1 (Chrono Boost)  
  36  4:11  Probe  
  36  4:14  Probe  
  38  4:23  Probe  
  39  4:44  Probe x2  
  41  4:56  Probe x2  
  43  5:00  Robotics Facility  
  43  5:05  Pylon  
  43  5:08  Gateway  
  43  5:09  Pylon  
  43  5:11  Oracle  
  43  5:12  Pylon  
  43  5:21  Probe x2  
  48  5:26  Photon Cannon  
  48  5:30  Photon Cannon  
  48  5:33  Probe x2  
  50  5:37  Photon Cannon  
  50  5:39  Protoss Shields Level 1  
  50  5:42  Photon Cannon  
  50  6:17  Probe  
  50  6:18  Probe  
  52  6:20  Warp Prism  
  54  6:30  Probe  
  54  6:32  Gateway  
  55  6:33  Gateway  
  55  6:36  Protoss Air Armor Level 1 (Chrono Boost)  
  55  6:37  Gateway  
  55  6:38  Probe, Gateway  
  56  6:42  Probe  
  56  6:43  Fleet Beacon, Twilight Council  
  57  6:58  Void Ray  
  58  7:45  Adept x6  
  58  7:46  Adept  
  66  8:17  Tempest  
  66  8:19  Warp Prism  
  62  8:25  Stalker x4  
  62  8:26  Stalker x3  
  76  8:30  Blink  
  76  8:46  Stargate  
  76  8:49  Stargate  
  76  8:55  Warp Prism  
  78  9:07  Zealot  
  78  9:08  Zealot x6  
  92  9:24  Nexus  
  92  9:27  Assimilator  
  89  9:31  Assimilator  
  89  9:36  Pylon  
  89  9:38  Pylon  
  89  9:40  Pylon  
  89  9:44  Pylon  
  89  9:47  Pylon  
  88  10:06  Zealot x4  
  88  10:07  Zealot  
Show
View Real Time Build Order
Export as new Build Order

MasteroP Zerg - Winner!

Build Orders: Pool First 

Get SALT Encoding   

  12  0:01  Drone  
  13  0:18  Overlord  
  13  0:21  Drone  
  14  0:36  Drone  
  14  0:37  Drone  
  14  0:40  Drone  
  17  0:48  Spawning Pool  
  16  0:54  Extractor  
  16  0:55  Drone  
  16  1:03  Drone  
  17  1:21  Hatchery  
  17  1:25  Drone x2  
  18  1:34  Drone  
  19  1:45  Drone  
  20  1:55  Drone  
  21  2:06  Drone  
  22  2:13  Hatchery  
  21  2:16  Overlord  
  21  2:32  Drone  
  21  2:34  Queen  
  21  2:35  Queen  
  26  2:47  Overlord  
  26  2:48  Drone x2  
  28  2:55  Spore Crawler  
  27  3:00  Drone x3  
  30  3:07  Extractor  
  30  3:08  Drone  
  30  3:14  Drone  
  31  3:22  Drone x2  
  33  3:28  Queen  
  33  3:30  Drone x2  
  37  3:34  Extractor  
  37  3:37  Extractor  
  37  3:38  Lair  
  35  3:47  Spine Crawler  
  34  3:49  Drone x4  
  34  3:54  Overlord  
  38  4:08  Drone x6  
  44  4:22  Spore Crawler, Drone x3  
  44  4:23  Drone  
  47  4:28  Drone  
  48  4:40  Spire  
  47  4:47  Extractor  
  47  4:49  Drone x4, Extractor  
  47  4:50  Drone  
  50  4:53  Overlord  
  50  5:06  Drone x3  
  53  5:09  Overlord x3  
  53  5:48  Zergling x2  
  54  5:51  Mutalisk x5  
  54  5:52  Mutalisk x6  
  54  5:53  Mutalisk  
  54  5:56  Mutalisk  
  78  6:01  Zerg Flyer Weapons Level 1  
  80  6:05  Mutalisk  
  82  6:17  Mutalisk x3  
  88  6:33  Mutalisk  
  88  6:35  Overlord x3  
  88  6:48  Mutalisk  
  90  7:08  Mutalisk x3  
  90  7:09  Mutalisk x3, Drone  
  99  7:27  Mutalisk x3  
  103  8:03  Mutalisk x6  
  113  8:17  Zerg Flyer Weapons Level 2  
  113  8:21  Overlord x3  
  113  8:22  Overlord  
  108  9:03  Mutalisk x8  
  122  9:23  Mutalisk x3  
  128  9:33  Zergling x6  
  128  9:34  Zergling x2  
  132  9:54  Mutalisk x3  
  137  10:09  Zergling x2  
  137  10:10  Overlord x3  
  137  10:11  Mutalisk  
  137  10:13  Mutalisk  
Tags
 
Add a new tag
Caveats
  • Supply blocks, unpowered buildings, or Contaminate may cause inaccurate times.
  • Supply counts are checked every 10 seconds.